 Dungeon Crawl Stone Soup version 0.30-a0-778-g2ef04afb54 (webtiles) character file.

Game seed: 9357376642268522529

2077 Pooter the Cleaver (level 9, -2/81 HPs)
             Began as a Minotaur Berserker on Feb 17, 2023.
             Was a Priest of Trog.
             Killed from afar by an electric eel (14 damage)
             ... with a bolt of electricity
             ... on level 7 of the Dungeon.
             The game lasted 00:40:23 (6106 turns).

Pooter the Cleaver (Minotaur Berserker)             Turns: 6106, Time: 00:40:23

Health: -2/81      AC: 21    Str: 23    XL:     9   Next: 6%
Magic:  8/8        EV:  6    Int:  2    God:    Trog [***...]
Gold:   150        SH: 10    Dex: 11    Spells: 8/8 levels left

rFire   x . .      SeeInvis +    a - +4 broad axe (heavy)
rCold   + + .      Faith    .    F - +2 buckler
rNeg    + + .      Spirit   .    s - +4 plate armour
rPois   .          Reflect  +    (helmet restricted)
rElec   .          Harm     .    N - +2 cloak
rCorr   +          Rampage  .    r - +1 pair of gloves
Will    .....                    o - +0 pair of boots Stlth
                                 q - amulet of Darkness {Reflect rF- Regen+ rCorr Int-4 SH+5}
HPRegen 1.13/turn                I - ring "Yruefum" {Fly rC++ rN++ Will-}
MPRegen 0.11/turn                S - ring of see invisible

@: flying
A: horns 2, retaliatory headbutt
a: Renounce Religion, Berserk, Trog's Hand


You were on level 7 of the Dungeon.
You worshipped Trog.
Trog was most pleased with you.
You visited 1 branch of the dungeon, and saw 7 of its levels.
You also visited: Sewer.

You collected 395 gold pieces.
You spent 245 gold pieces at shops.

Inventory:

Hand Weapons
 a - a +4 heavy broad axe (weapon)
   (You acquired it on level 2 of the Dungeon)
 b - a +0 sling
   (You found it on level 1 of the Dungeon)
 j - a +0 halberd
   (You took it off a gnoll on level 5 of the Dungeon)
 m - a +0 morningstar
   (You took it off a wight on level 7 of the Dungeon)
 x - a +5 spear
   (You took it off a wight on level 6 of the Dungeon)
 M - a +0 shortbow
   (You took it off a centaur on level 5 of the Dungeon)
Missiles
 e - 7 poisoned darts (quivered)
 K - 2 boomerangs
 Q - 68 stones
Armour
 o - a +0 pair of boots (worn)
   (You found it on level 2 of the Dungeon)
 r - a +1 pair of gloves (worn)
   (You found it on level 2 of the Dungeon)
 s - a +4 plate armour (worn)
   (You found it on level 2 of the Dungeon)
 F - a +2 buckler (worn)
   (You took it off a goblin on level 4 of the Dungeon)
 N - a +2 cloak (worn)
   (You found it on level 7 of the Dungeon)
Jewellery
 f - a +6 ring of intelligence
   (You found it on level 7 of the Dungeon)
 q - the amulet of Darkness (around neck) {Reflect rF- Regen+ rCorr Int-4 SH+5}
   (You found it on level 2 of the Dungeon)

   [amulet of reflection]

   It reflects blocked missile attacks.
   Int:       It affects your intelligence (-4).
   rF:        It makes you vulnerable to fire.
   Regen:     It increases your rate of health regeneration.
   rCorr:     It protects you from acid and corrosion.
   SH:        It affects your SH (+5).
 y - a ring of fire
   (You found it on level 3 of the Dungeon)
 I - the ring "Yruefum" (left hand) {Fly rC++ rN++ Will-}
   (You found it on level 4 of the Dungeon)

   [ring of flight]

   rC:        It greatly protects you from cold.
   rN:        It greatly protects you from negative energy.
   Fly:       It grants you flight.
   Will:      It decreases your willpower.
 S - a ring of see invisible (right hand)
   (You found it on level 7 of the Dungeon)
Scrolls
 i - a scroll of torment {unknown}
 l - 2 scrolls of brand weapon
 n - a scroll of summoning
 t - 4 scrolls of teleportation {@r4}
 v - 2 scrolls of magic mapping
 C - 3 scrolls of fog
 L - a scroll of immolation {unknown}
Potions
 c - a potion of lignification {unknown}
 d - 3 potions of attraction {unknown}
 g - 4 potions of degeneration {unknown}
 h - 5 potions of curing {@q1}
 k - a potion of mutation {unknown}
 u - a potion of might {unknown}
 w - a potion of magic {unknown}
 z - a potion of cancellation
 A - 4 potions of heal wounds {unknown}
 B - 3 potions of flight {unknown}
 D - a potion of haste {unknown}
 E - a potion of ambrosia {unknown}
 G - a potion of berserk rage {unknown}
 H - 2 potions of resistance


   Skills:
 + Level 7.9 Fighting
 * Level 10.6 Axes
 + Level 6.2 Ranged Weapons
 - Level 2.4 Armour
 - Level 2.1 Dodging
 - Level 1.5 Stealth


You had 8 spell levels left.
You didn't know any spells.
Your spell library was empty.

Dungeon Overview and Level Annotations

Branches:
Dungeon (7/15)             Temple (0/1) D:6           Sewer (visited)

Altars:
Ashenzari
Cheibriados
Dithmenos
Fedhas
Gozag
Hepliaklqana
Qazlal
Sif Muna
Wu Jian
Zin
The Shining One

Shops:
D:4 [?!

Annotations:
D:4 3 runed translucent doors, Smoke131's ghost, novice OgGl


Innate Abilities, Weirdness & Mutations

You have a pair of horns on your head.
You reflexively headbutt those who attack you in melee.


Message History

The electric eel shoots out a bolt of lightning at you!
The bolt of electricity hits the electric eel.
The electric eel completely resists.
The bolt of electricity hits you.
You throw a poisoned dart. The poisoned dart misses the kobold.
The poisoned dart hits the kobold.
The kobold is poisoned.
You feel sick.
The electric eel shoots out a bolt of lightning at you!
The bolt of electricity hits you!
The electric eel shoots out a bolt of lightning at you!
The bolt of electricity hits you!
An electric eel comes into view.
You are too injured to fight recklessly!
Throw: 2 boomerangs
Aim: a kobold, wielding a +0 whip and quivering stones (severely wounded, 51% to hit)
You throw a boomerang. The boomerang barely misses the kobold.
Your surroundings seem slightly different. 2 kobolds come into view.
A kobold is wielding a +1 short sword of speed.
You feel sick.
The kobold shouts! x2
The kobold hits you but does no damage.
The kobold throws a stone.
The stone hits you but does no damage.
The electric eel shoots out a bolt of lightning at you!
The bolt of electricity hits the electric eel.
The electric eel completely resists.
The bolt of electricity hits you.
* * * LOW HITPOINT WARNING * * *
The electric eel shoots out a bolt of lightning at you!
The bolt of electricity hits you but does no damage.
The electric eel shoots out a bolt of lightning at you!
The bolt of electricity hits you!
* * * LOW HITPOINT WARNING * * *
The bolt of electricity hits the kobold!
The kobold dies!
You hear a splash. x2
The electric eel shoots out a bolt of lightning at you!
The bolt of electricity misses the kobold.
The bolt of electricity hits you!
* * * LOW HITPOINT WARNING * * *
The kobold hits you but does no damage.
Okay, then.
The air fills with toxic fumes!
As you read the scroll labelled CEAPLU FEOQ, it crumbles to dust.
It was a scroll of poison.
You feel sick.
You are no longer poisoned.
The electric eel shoots out a bolt of lightning at you!
The bolt of electricity hits you.
* * * LOW HITPOINT WARNING * * *
The electric eel shoots out a bolt of lightning at you!
The bolt of electricity hits the electric eel.
The electric eel completely resists.
The bolt of electricity hits you!
You die...

≈≈≈~≈≈≈≈≈~≈≈≈≈≈~
♣♣≈~≈♣♣♣≈~≈♣♣♣§§§♣ §#
♣≈.≈♣ ♣≈§≈♣ ♣§§§♣ §§
♣♣≈~≈♣♣♣≈§§♣♣♣§§§♣♣♣§
≈≈≈.≈≈≈≈≈§§§§§§§§§§§
~~~..~~~.§§§KK§§§S§
≈≈≈~≈≈≈≈≈.≈§§§§K§§
♣♣≈~≈♣♣♣≈.≈♣♣♣S§§♣
♣≈~≈♣ ♣≈.≈♣ ♣§S@♣
♣≈~≈♣ ♣≈.≈♣ ♣§KS♣
≈≈.≈≈≈≈≈.≈§§§§§§§
~....~..§§S§§§§§§§
§§§§§§§§§§§
§§♣♣♣§§§♣♣♣§ § ♣§§§♣
§§ ♣§§§♣ §#


You could see a kobold brigand (poisoned), 5 electric eels and 3 kobolds.

Vanquished Creatures
  A two-headed ogre (D:7)
  A centaur (D:5)
  A necrophage (D:5)
  A scorpion (D:6)
  10 wights
  2 electric eels (D:7)
  A jelly (D:4)
  2 orc priests
  A gnoll bouda (D:5)
  5 hounds
  An iguana (D:4)
  4 orc wizards
  14 adders
  5 gnolls (D:5)
  A shadow imp (D:5)
  2 ufetubi
  2 worms
  3 dart slugs (D:1)
  11 orcs
  4 bats
  9 endoplasms
  8 giant cockroaches
  9 goblins
  2 hobgoblins
  4 jackals (D:1)
  12 kobolds
  8 quokkas
  11 ball pythons
  7 frilled lizards
  5 rats
147 creatures vanquished.

Vanquished Creatures (others)
  A kobold (D:7)
1 creature vanquished.

Grand Total: 148 creatures vanquished

Notes
Turn   | Place    | Note
-------+----------+-------------------------------------------
     0 | D:1      | Pooter the Minotaur Berserker began the quest for the Orb.
     0 | D:1      | Reached XP level 1. HP: 19/19 MP: 0/0
     3 | D:1      | Noticed an electric eel
     4 | D:1      | Noticed an electric eel
    74 | D:1      | Reached XP level 2. HP: 23/27 MP: 1/1
    75 | D:1      | Reached skill level 4 in Axes
    87 | D:1      | Reached skill level 1 in Stealth
   271 | D:1      | Reached ** piety under Trog
   280 | D:1      | Reached XP level 3. HP: 22/33 MP: 2/2
   421 | D:1      | Reached skill level 1 in Ranged Weapons
   864 | D:2      | Identified a scroll of acquirement
   865 | D:2      | Acquired a +3 heavy broad axe
  1060 | D:2      | Identified the amulet of Darkness {Reflect rF- Regen+ rCorr
                  | Int-4 SH+5}
  1236 | D:2      | Reached XP level 4. HP: 40/40 MP: 3/3
  1781 | D:3      | Reached skill level 5 in Axes
  2158 | D:3      | Found a stormy altar of Qazlal.
  2383 | D:4      | Identified the ring "Yruefum" {Fly rC++ rN++ Will-}
  2388 | D:4      | Reached XP level 5. HP: 47/47 MP: 4/4
  2472 | D:4      | Reached *** piety under Trog
  2505 | D:4      | Found Caxinua's Distillery.
  2509 | D:4      | Found Vemuem's Magic Scroll Shoppe.
  2540 | D:4      | Bought a scroll of identify for 28 gold pieces
  2540 | D:4      | Bought a scroll of fog for 56 gold pieces
  2540 | D:4      | Bought a scroll of identify for 28 gold pieces
  2540 | D:4      | Bought a scroll of identify for 28 gold pieces
  2580 | D:4      | Found a runed translucent gate.
  2582 | D:4      | Found a runed translucent gate.
  2583 | D:4      | Found a runed translucent gate.
  2583 | D:4      | Found an opulent altar of Gozag.
  2587 | D:4      | Noticed Smoke131's ghost (novice OgGl)
  2700 | D:4      | Reached skill level 6 in Axes
  2701 | D:4      | Reached XP level 6. HP: 55/55 MP: 5/5
  3173 | D:4      | Reached skill level 5 in Fighting
  3217 | D:4      | Found Ohigeudu's Armour Shoppe.
  3279 | D:5      | Entered Level 5 of the Dungeon
  3319 | D:5      | Found a glowing drain.
  3341 | Sewer    | Entered a sewer
  3737 | D:5      | Reached skill level 7 in Axes
  3737 | D:5      | Reached XP level 7. HP: 61/61 MP: 6/6
  3822 | D:5      | Found a glowing golden altar of the Shining One.
  4201 | D:4      | Bought a scroll of enchant weapon for 105 gold pieces
  4328 | D:6      | Found a staircase to the Ecumenical Temple.
  4352 | D:6      | Reached skill level 8 in Axes
  4919 | D:6      | Reached XP level 8. HP: 47/71 MP: 7/7
  5270 | D:7      | Reached skill level 9 in Axes
  5270 | D:7      | Reached skill level 5 in Ranged Weapons
  5426 | D:7      | Found a glowing silver altar of Zin.
  5429 | D:7      | Found a blossoming altar of Fedhas.
  5432 | D:7      | Found an ornate altar of the Wu Jian Council.
  5433 | D:7      | Found a shimmering blue altar of Sif Muna.
  5434 | D:7      | Found an opulent altar of Gozag.
  5435 | D:7      | Found a hazy altar of Hepliaklqana.
  5435 | D:7      | Found a shadowy altar of Dithmenos.
  5438 | D:7      | Found a snail-covered altar of Cheibriados.
  5441 | D:7      | Found a broken altar of Ashenzari.
  5884 | D:7      | Noticed a two-headed ogre
  5900 | D:7      | Killed a two-headed ogre
  5901 | D:7      | Reached skill level 10 in Axes
  5901 | D:7      | Reached XP level 9. HP: 81/81 MP: 8/8
  6099 | D:7      | Identified the +1 spear "Hydraslayer" {venom, rF+ Str+2}
  6106 | D:7      | Killed from afar by an electric eel

Illustrated notes

Levels and vault maps discovered:
D:1:      arrival_aquarium_b, layout_rooms, minmay_hexomino_u4
D:2:      layout_loops_corners
D:3:      layout_loops_corners, nicolae_qazlal_general_emergency,
          minmay_misc_feat_tiny, grunt_decor_resistance
D:4:      layout_basic, serial_shops, shop_statue, kennysheep_mini_moat,
          nicolae_shop_trees, ebering_ghost_gozag, kennysheep_generic_room_8
D:5:      layout_cave_pools, mainiacjoe_overflow_concentric_impassable,
          portal_sewer_entry_f
D:6:      layout_gridville, minmay_temple_entry_hall
D:7:      layout_basic, nicolae_overflow_hallway_of_the_gods, kennysheep_boxes

Skill      XL: |  1  2  3  4  5  6  7  8 |
---------------+-------------------------+-----
Axes           | 4 5 6 7 8 10 | 10.6
Stealth        | 1 |  1.5
Fighting       | 4 5 6 7 |  7.9
Ranged Weapons | 1 2 3 4 6 |  6.2
Armour         | |  2.4
Dodging        | |  2.1

Action                     |  1- 3 |  4- 6 |  7- 9 || total
---------------------------+-------+-------+-------++-------
  Melee: Hand axe          |    61 |       |       ||    61
         Headbutt          |    12 |     9 |     7 ||    28
         Broad axe         |    12 |    67 |    69 ||   148
   Fire: Sling             |    36 |    59 |    34 ||   129
  Throw: Dart              |     3 |       |     6 ||     9
         Boomerang         |       |       |     4 ||     4
 Invoke: Trog's Hand       |       |     1 |     6 ||     7
         Berserk           |       |     1 |     4 ||     5
    Use: Scroll            |     3 |     6 |     7 ||    16
 Armour: Animal skin       |    10 |       |       ||    10
         Chain mail        |    13 |       |       ||    13
         Plate armour      |     1 |    83 |   101 ||   185
  Dodge: Dodged            |    50 |    37 |    24 ||   111
  Block: Buckler           |     3 |    16 |    19 ||    38
         Reflection        |       |       |     1 ||     1

Table legend: (Time is in decaauts)
 A = Elapsed time spent in this place.
 B = Non-inter-level travel time spent in this place.
 C = Inter-level travel time spent in this place.
 D = Time resting spent in this place.
 E = Time spent auto-exploring this place.
 F = Levels seen in this place.
 G = Mean time per level.
                   A        B        C        D        E       F      G
               +--------+--------+--------+--------+--------+-----+--------+
         Total |   6339 |   6105 |    234 |    779 |   3792 |   8 |  792.4 |
       Dungeon |   6008 |   5774 |    234 |    751 |   3605 |   7 |  858.3 |
         Sewer |    330 |    330 |      0 |     28 |    187 |   1 |  330.0 |
               +--------+--------+--------+--------+--------+-----+--------+

Top non-repeatable levels by time:
     D:7: 987 daAuts
     D:4: 982 daAuts
     D:2: 981 daAuts
     D:6: 965 daAuts
     D:3: 810 daAuts
     D:1: 645 daAuts
     D:5: 635 daAuts
   Sewer: 330 daAuts
